[Event "FIDE WCCC G10 2018"]
[Site "Santiago de Compostela"]
[Date "2018.11.10"]
[Round "6"]
[White "Rouda Essa, Alserkal"]
[Black "Shefali A N"]
[Result "1/2-1/2"]
[ECO "C93"]
[WhiteElo "1635"]
[BlackElo "1258"]
[Annotator "NA"]
[PlyCount "89"]
[EventDate "2018.11.04"]
[EventType "swiss"]
[EventCountry "ESP"]
[SourceTitle "playchess.com"]
[Source "ChessBase"]
[SourceQuality "1"]
[TimeControl "40/5400+30:1800+30"]

1. e4 e5 2. Nf3 Nc6 3. Bb5 a6 4. Ba4 Nf6 5. O-O Be7 6. Re1 b5 7. Bb3 d6 8. c3 O-O 9. h3 h6 10. d4 Bb7 11. Nbd2 Re8 12. Nf1 Bf8 13. Ng3 g6 14. Nh2 Bg7 15. Bc2 h5 16. Nf3 Nh7 17. Be3 Qe7 18. Qd2 Na5 19. b3 Qf6 20. d5 Bc8 21. Ng5 Qe7 22. Nxh7 Kxh7 23. a4 Bd7 24. c4 Nb7 25. cxb5 axb5 26. a5 Nc5 27. Reb1 Na6 28. Re1 Rec8 29. Rad1 b4 30. Qe2 Nc5 31. Ra1 Rcb8 32. Bd2 Bc8 33. Reb1 Qd7 34. Rb2 Qb5 35. Rba2 Qxe2 36. Nxe2 Ba6 37. Nc1 Bh6 38. Bxh6 Kxh6 39. f3 Kg5 40. Kf2 f5 41. Ke3 f4+ 42. Kf2 Kf6 43. Ke1 g5 44. Kf2 Kg6 45. Bb1 1/2-1/2

[Event "FIDE WCCC G10 2018"]
[Site "Santiago de Compostela"]
[Date "2018.11.10"]
[Round "6"]
[White "Nguyen, Ha Khanh Linh"]
[Black "Ho, Ngoc Vy"]
[Result "1-0"]
[ECO "D43"]
[WhiteElo "1449"]
[BlackElo "1275"]
[Annotator "NA"]
[PlyCount "69"]
[EventDate "2018.11.04"]
[EventType "swiss"]
[EventCountry "ESP"]
[SourceTitle "playchess.com"]
[Source "ChessBase"]
[SourceQuality "1"]
[TimeControl "40/5400+30:1800+30"]

1. d4 d5 2. c4 c6 3. Nc3 Nf6 4. Nf3 e6 5. Bg5 Be7 6. e3 Nbd7 7. Qc2 O-O 8. cxd5 exd5 9. Bd3 h6 10. Bxf6 Nxf6 11. O-O-O Re8 12. Rdg1 Bd6 13. h3 h5 14. g4 Qe7 15. gxh5 Nxh5 16. Rg5 Qf6 17. Bf5 Qh6 18. Rhg1 Be7 19. R5g4 Bf8 20. Bxc8 Raxc8 21. Qf5 Rcd8 22. Rh4 g6 23. Qxh5 Qg7 24. Qg4 b5 25. Ng5 Qf6 26. Qf3 Qe7 27. Rf4 f5 28. Qg3 Qf6 29. Nf3 Bh6 30. Rh4 Kg7 31. Ne5 g5 32. f4 g4 33. hxg4 fxg4 34. Qxg4+ Kh7 35. Qg6+ 1-0

[Event "FIDE WCCC G10 2018"]
[Site "Santiago de Compostela"]
[Date "2018.11.10"]
[Round "6"]
[White "Sureda Gonzalez, Cristina"]
[Black "Yildiz, Elif Zeren"]
[Result "0-1"]
[ECO "B06"]
[WhiteElo "1422"]
[BlackElo "1448"]
[Annotator "NA RC"]
[PlyCount "152"]
[EventDate "2018.11.04"]
[EventType "swiss"]
[EventCountry "ESP"]
[SourceTitle "playchess.com"]
[Source "ChessBase"]
[SourceQuality "1"]
[TimeControl "40/5400+30:1800+30"]

1. e4 d6 2. d4 g6 3. Nf3 Bg7 4. Nc3 a6 5. Be2 Nd7 6. Be3 b5 7. a3 Bb7 8. O-O e6 9. Nd2 Ne7 10. Bf3 O-O 11. Nb3 Rc8 12. Qd2 c5 13. dxc5 Nxc5 14. Nxc5 dxc5 15. Rfd1 c4 16. Bh6 Qc7 17. Bf4 e5 18. Be3 Rfd8 19. Qe2 h6 20. g3 Kh7 21. Bg2 Ba8 22. f4 exf4 23. gxf4 Qc6 24. Bh3 Rb8 25. Bd2 Rd6 26. Rf1 Rbd8 27. Rad1 a5 28. Bg2 R6d7 29. Be1 b4 30. axb4 axb4 31. Nd5 Nxd5 32. exd5 Qb5 33. b3 Bxd5 34. Bxd5 Rxd5 35. Rxd5 Qxd5 36. Qxc4 Bd4+ 37. Bf2 Bxf2+ 38. Rxf2 Qxc4 39. bxc4 Rc8 40. f5 Rxc4 41. fxg6+ Kxg6 42. Kg2 f5 43. Kf3 Kf6 44. Ke3 Ke5 45. Kd3 Rc3+ 46. Kd2 Rh3 47. Re2+ Kd4 48. Rf2 Rh4 49. Re2 Re4 50. Rf2 f4 51. Rf3 Kc4 52. Rf2 Rd4+ 53. Kc1 h5 54. Rf3 Re4 55. Kd2 Kd4 56. Rb3 Ke5 57. Rh3 Kf5 58. Rb3 Kg4 59. h3+ Kg5 60. c3 Re3 61. Rxb4 Rxh3 62. c4 Re3 63. c5 Re8 64. c6 Rc8 65. Rc4 Kg4 66. Ke2 Kg3 67. Kf1 h4 68. Rc3+ f3 69. Kg1 h3 70. c7 h2+ 71. Kh1 Re8 72. Rc1 f2 73. Rc3+ Kf4 74. Rc4+ Kg5 75. Rc5+ Kf6 76. Rc6+ Ke5 0-1

[Event "FIDE WCCC G10 2018"]
[Site "Santiago de Compostela"]
[Date "2018.11.10"]
[Round "6"]
[White "Ciarletta, Iris"]
[Black "Zakirova, Aisha"]
[Result "0-1"]
[ECO "B23"]
[WhiteElo "1381"]
[BlackElo "1678"]
[Annotator "NA"]
[PlyCount "116"]
[EventDate "2018.11.04"]
[EventType "swiss"]
[EventCountry "ESP"]
[SourceTitle "playchess.com"]
[Source "ChessBase"]
[SourceQuality "1"]
[TimeControl "40/5400+30:1800+30"]

1. e4 c5 2. Nc3 d6 3. f4 Nc6 4. Nf3 g6 5. Bc4 Bg7 6. O-O Nf6 7. d3 O-O 8. a3 Bg4 9. Bd5 Nxd5 10. Nxd5 Nd4 11. c3 Nxf3+ 12. gxf3 Bd7 13. Kh1 f5 14. c4 fxe4 15. fxe4 Bh3 16. Rg1 Kh8 17. Qf3 Bd7 18. Qg2 e6 19. Nc3 Qf6 20. Be3 Bc6 21. Qg5 Qxg5 22. fxg5 Rf3 23. Rae1 Raf8 24. Rg3 R3f7 25. Kg2 Bd4 26. Bxd4+ cxd4 27. Nd1 Ba4 28. Kh3 Bc2 29. b4 Rf1 30. Rg1 Rxg1 31. Rxg1 Bxd3 32. Nb2 Bxe4 33. Re1 d5 34. cxd5 Bxd5 35. Rd1 e5 36. Nd3 e4 37. Nc5 d3 38. Nxd3 Rf3+ 39. Kg2 exd3 40. Kg1 Kg7 41. a4 Bb3 42. Rd2 Bc2 43. Kg2 Rf5 44. h4 Rf4 45. Kg3 Rxb4 46. a5 Ra4 47. Rf2 Rxa5 48. Kg4 Rf5 49. Rd2 Re5 50. Kf3 b5 51. Kf2 b4 52. Kf3 b3 53. Kf2 b2 54. Kf3 b1=Q 55. Rg2 Qe1 56. Rh2 Rf5+ 57. Kg4 Qe4+ 58. Kg3 Qf3# 0-1

[Event "FIDE WCCC G10 2018"]
[Site "Santiago de Compostela"]
[Date "2018.11.10"]
[Round "6"]
[White "Elangovan, Ramya"]
[Black "Anupam M Sreekumar"]
[Result "1-0"]
[ECO "C47"]
[WhiteElo "1352"]
[BlackElo "1615"]
[Annotator "NA"]
[PlyCount "75"]
[EventDate "2018.11.04"]
[EventType "swiss"]
[EventCountry "ESP"]
[SourceTitle "playchess.com"]
[Source "ChessBase"]
[SourceQuality "1"]
[TimeControl "40/5400+30:1800+30"]

1. e4 e5 2. Nf3 Nc6 3. Nc3 Nf6 4. d4 exd4 5. Nxd4 Bb4 6. Nxc6 bxc6 7. Bd3 O-O 8. O-O d5 9. exd5 cxd5 10. h3 Be6 11. Bg5 Be7 12. Re1 Rb8 13. Rb1 c5 14. Qf3 h6 15. Bh4 Rb4 16. Bg3 Qd7 17. Be5 Rd8 18. a3 Rb6 19. Bf1 d4 20. Ne4 Nxe4 21. Qxe4 Bf5 22. Qe2 Re6 23. Qd2 Rg6 24. Kh1 Qd5 25. Kh2 Be4 26. Bg3 Bd6 27. Bxd6 Qxd6+ 28. Kh1 Qd5 29. f3 Bf5 30. Bd3 Rdd6 31. Re8+ Kh7 32. Rbe1 Bxd3 33. Qxd3 c4 34. Qe4 d3 35. cxd3 cxd3 36. Rd1 Qg5 37. Qg4 Qa5 38. Qf4 1-0

[Event "FIDE WCCC G10 2018"]
[Site "Santiago de Compostela"]
[Date "2018.11.10"]
[Round "6"]
[White "Khanyl, Chuluuntuya"]
[Black "Braeutigam, Katerina"]
[Result "0-1"]
[ECO "A46"]
[WhiteElo "1276"]
[BlackElo "1647"]
[Annotator "NA RC"]
[PlyCount "124"]
[EventDate "2018.11.04"]
[EventType "swiss"]
[EventCountry "ESP"]
[SourceTitle "playchess.com"]
[Source "ChessBase"]
[SourceQuality "1"]
[TimeControl "40/5400+30:1800+30"]

1. d4 Nf6 2. Nf3 e6 3. Bg5 c5 4. c3 b6 5. Nbd2 Bb7 6. e3 Be7 7. Bd3 d6 8. O-O Nbd7 9. Re1 O-O 10. Qc2 Re8 11. e4 h6 12. Bf4 Rc8 13. Qd1 Bf8 14. Nc4 cxd4 15. cxd4 d5 16. exd5 Nxd5 17. Bd6 N7f6 18. Bxf8 Rxf8 19. Nce5 Nb4 20. a3 Nxd3 21. Qxd3 Qd5 22. h3 Rc7 23. Rec1 Rfc8 24. Rxc7 Rxc7 25. Qd2 Ne4 26. Qe3 f6 27. Ng4 Rc2 28. Rb1 Qa2 29. Qe1 h5 30. Ne3 Rxb2 31. Rxb2 Qxb2 32. Nc4 Qa2 33. Nfd2 Qc2 34. Nxe4 Bxe4 35. Nd6 Bd5 36. Nb5 Qa4 37. Nc7 Qxd4 38. Nxe6 Qe4 39. Qxe4 Bxe4 40. Nc7 Bc6 41. h4 a5 42. Ne6 Kh7 43. Nf4 Kh6 44. g3 b5 45. Kf1 b4 46. axb4 a4 47. Ne6 a3 48. Nd4 Ba4 49. Ke2 a2 50. Nb3 Bxb3 51. b5 a1=Q 52. Kd3 Qa5 53. b6 Qxb6 54. f4 Qb4 55. Ke3 Bd5 56. Kd3 Qe4+ 57. Kc3 Qc4+ 58. Kd2 Be4 59. Ke3 Qd3+ 60. Kf2 Qd2+ 61. Kf1 Bf3 62. Kg1 Qg2# 0-1

[Event "FIDE WCCC G10 2018"]
[Site "Santiago de Compostela"]
[Date "2018.11.10"]
[Round "6"]
[White "Wen, Kally"]
[Black "Rasheva, Nora"]
[Result "1/2-1/2"]
[ECO "B17"]
[WhiteElo "1195"]
[BlackElo "1495"]
[Annotator "NA"]
[PlyCount "73"]
[EventDate "2018.11.04"]
[EventType "swiss"]
[EventCountry "ESP"]
[SourceTitle "playchess.com"]
[Source "ChessBase"]
[SourceQuality "1"]
[TimeControl "40/5400+30:1800+30"]

1. e4 c6 2. d4 d5 3. Nc3 dxe4 4. Nxe4 Nd7 5. Nf3 Ngf6 6. Ng3 e6 7. Be2 Be7 8. O-O O-O 9. b3 b6 10. c4 Bb7 11. Bb2 c5 12. Qd2 cxd4 13. Bxd4 Nc5 14. Rad1 Qc7 15. Qb2 Rad8 16. Rfe1 Ncd7 17. Ne5 Nxe5 18. Bxe5 Qc8 19. Nh5 Nxh5 20. Bxh5 f6 21. Bc3 e5 22. Qe2 Rxd1 23. Rxd1 Rd8 24. Bg4 Rxd1+ 25. Qxd1 Qc6 26. Bf3 e4 27. Bg4 Qd6 28. Qxd6 Bxd6 29. Be6+ Kf8 30. g3 Ke7 31. Bg4 g6 32. Kf1 f5 33. Bd1 Ke6 34. Ke1 Be5 35. Bb4 Bb2 36. Kd2 Be5 37. Ke1 1/2-1/2

[Event "FIDE WCCC G10 2018"]
[Site "Santiago de Compostela"]
[Date "2018.11.11"]
[Round "7"]
[White "Kleymenova, Valeria"]
[Black "Nguyen, Ha Khanh Linh"]
[Result "1/2-1/2"]
[ECO "D00"]
[WhiteElo "1773"]
[BlackElo "1449"]
[Annotator "NA RC"]
[PlyCount "112"]
[EventDate "2018.11.04"]
[EventType "swiss"]
[EventCountry "ESP"]
[SourceTitle "playchess.com"]
[Source "ChessBase"]
[SourceQuality "1"]
[TimeControl "40/5400+30:1800+30"]

1. d4 d5 2. Bf4 Nf6 3. e3 e6 4. Nf3 c5 5. c3 Nc6 6. Bd3 Bd6 7. Bg3 O-O 8. Nbd2 b6 9. O-O Bxg3 10. hxg3 Bb7 11. Qe2 Qe7 12. Rac1 Rfd8 13. a3 c4 14. Bb1 e5 15. dxe5 Nxe5 16. Nd4 Nfd7 17. e4 Nd3 18. Bxd3 cxd3 19. Qxd3 Nc5 20. Qe3 dxe4 21. f3 Re8 22. fxe4 Nxe4 23. Rce1 Qg5 24. Nxe4 Qxe3+ 25. Rxe3 Rxe4 26. Rfe1 Rae8 27. Rxe4 Rxe4 28. Rxe4 Bxe4 29. Nb5 a6 30. Nd6 Ba8 31. c4 g6 32. b4 Kg7 33. a4 Kf6 34. b5 axb5 35. cxb5 Ke6 36. Nc8 Be4 37. Nxb6 Kd6 38. Kf2 Kc5 39. Nd7+ Kb4 40. b6 Bc6 41. Ne5 Bb7 42. Nxf7 Kc5 43. a5 Ba6 44. Ke3 Kc6 45. Ng5 h5 46. Ne6 Bc4 47. Nd4+ Kb7 48. Nc2 Bd5 49. Kf2 Be4 50. Nb4 g5 51. Na2 Ka6 52. Nc3 Bc6 53. Ne2 Kxa5 54. Nd4 Kxb6 55. Ne6 h4 56. Nxg5 hxg3+ 1/2-1/2

[Event "FIDE WCCC G10 2018"]
[Site "Santiago de Compostela"]
[Date "2018.11.11"]
[Round "7"]
[White "Zakirova, Aisha"]
[Black "Elangovan, Ramya"]
[Result "*"]
[ECO "A40"]
[WhiteElo "1678"]
[BlackElo "1352"]
[Annotator "NA RC"]
[PlyCount "101"]
[EventDate "2018.11.04"]
[EventType "swiss"]
[EventCountry "ESP"]
[SourceTitle "playchess.com"]
[Source "ChessBase"]
[SourceQuality "1"]
[TimeControl "40/5400+30:1800+30"]

1. d4 Nf6 2. c4 e6 3. g3 Bb4+ 4. Bd2 Qe7 5. Bg2 d5 6. a3 Bxd2+ 7. Nxd2 Nbd7 8. Ngf3 O-O 9. O-O b6 10. Rc1 Bb7 11. cxd5 Nxd5 12. e4 N5f6 13. Rxc7 Bxe4 14. Nxe4 Nxe4 15. Ne5 Nef6 16. Bxa8 Rxa8 17. Qf3 Rd8 18. Rfc1 h6 19. Nc6 Qd6 20. Nxd8 Qxd4 21. Rd1 Ne5 22. Qe2 Qa4 23. Rc8 Kh7 24. Qc2+ Qxc2 25. Rxc2 Kg6 26. Nc6 Nxc6 27. Rxc6 Nd5 28. Rxd5 Kh7 29. Rd7 Kg6 30. Rxa7 b5 31. Rcc7 f6 32. Rxg7+ Kf5 33. Ra5 e5 34. Rxb5 h5 35. a4 Ke6 36. a5 Kd6 37. a6 Kc6 38. a7 Kxb5 39. a8=Q Kc5 40. Qa3+ Kd5 41. Qd3+ Kc6 42. Qd7+ Kc5 43. b4+ Kc4 44. Qd6 Kc3 45. Rc7+ Kb3 46. Qd3+ Ka4 47. Ra7+ Kxb4 48. Rc7 Ka5 49. Qb3 Ka6 50. Rc4 Ka5 51. Ra4# *

[Event "FIDE WCCC G10 2018"]
[Site "Santiago de Compostela"]
[Date "2018.11.11"]
[Round "7"]
[White "Vlasova, Olesia"]
[Black "Zhou, Yafei"]
[Result "1-0"]
[ECO "A06"]
[WhiteElo "1639"]
[BlackElo "1648"]
[Annotator "NA RC"]
[PlyCount "118"]
[EventDate "2018.11.04"]
[EventType "swiss"]
[EventCountry "ESP"]
[SourceTitle "playchess.com"]
[Source "ChessBase"]
[SourceQuality "1"]
[TimeControl "40/5400+30:1800+30"]

1. Nf3 d5 2. g3 Nf6 3. Bg2 Bf5 4. c4 e6 5. Qb3 Qc8 6. d3 c6 7. O-O Bd6 8. Nbd2 O-O 9. Qc2 h6 10. b3 Nbd7 11. Bb2 e5 12. e4 Bh7 13. Ne1 dxe4 14. dxe4 Qc7 15. Nd3 Nc5 16. f3 Rad8 17. Nxc5 Bxc5+ 18. Kh1 Bd4 19. Rad1 Bxb2 20. Qxb2 Rd4 21. Nb1 Rfd8 22. Qc2 Bg6 23. Nc3 Qd6 24. Rfe1 Ne8 25. Rxd4 exd4 26. Rd1 Nc7 27. Na4 Na6 28. c5 Qd7 29. a3 Nc7 30. Nb2 Qe7 31. b4 Qe6 32. Nc4 Ne8 33. Na5 Rd7 34. Qc4 Nc7 35. Qxe6 Nxe6 36. Nc4 Kf8 37. Bh3 Bh5 38. Bxe6 Bxf3+ 39. Kg1 fxe6 40. Rf1 Rf7 41. Ne5 Bh5 42. Nxf7 Bxf7 43. e5 Ke7 44. Rd1 Bg6 45. Rxd4 Bb1 46. Kf2 Ba2 47. Ke3 Bd5 48. Kf4 Kf7 49. Ke3 g5 50. Rd2 Kg6 51. Rf2 Kg7 52. Rf6 Bb3 53. Kd4 Bd5 54. Kc3 h5 55. h4 gxh4 56. gxh4 Ba2 57. Kd4 Bd5 58. Ke3 Bc4 59. Kf4 Bd5 1-0

[Event "FIDE WCCC G10 2018"]
[Site "Santiago de Compostela"]
[Date "2018.11.11"]
[Round "7"]
[White "Szczotka, Klara"]
[Black "Rajanya Datta"]
[Result "1-0"]
[ECO "C11"]
[WhiteElo "1581"]
[BlackElo "1312"]
[Annotator "NA RC"]
[PlyCount "119"]
[EventDate "2018.11.04"]
[EventType "swiss"]
[EventCountry "ESP"]
[SourceTitle "playchess.com"]
[Source "ChessBase"]
[SourceQuality "1"]
[TimeControl "40/5400+30:1800+30"]

1. e4 e6 2. d4 d5 3. Nc3 Nf6 4. e5 Nfd7 5. f4 c5 6. Nf3 Nc6 7. Be2 Qb6 8. Na4 Qa5+ 9. c3 c4 10. b4 Qd8 11. Nb2 b5 12. a4 Ba6 13. Bd2 Rb8 14. a5 Rc8 15. Rc1 Rc7 16. Kf2 Qc8 17. Qe1 Be7 18. Nd1 Nf8 19. h4 Qd8 20. h5 h6 21. g4 Nh7 22. Qg1 f6 23. Qg3 fxe5 24. fxe5 Ng5 25. Bxg5 Bxg5 26. Nxg5 Qxg5 27. Qe3 Rf7+ 28. Kg3 Qe7 29. Nf2 Rhf8 30. Nh3 Nd8 31. Rcg1 Bb7 32. Rg2 Rg8 33. Bd1 Qf8 34. Nf4 Qe7 35. Bc2 Kd7 36. Ng6 Qe8 37. Nh4 Qf8 38. Bg6 Rf1 39. Rhh2 Qe7 40. Rf2 Rf8 41. Rxf1 Rxf1 42. Nf3 Nf7 43. Qe2 Rc1 44. Qb2 Rf1 45. Kg2 Rxf3 46. Kxf3 Ng5+ 47. Kg3 Bc6 48. Rh1 Kc7 49. Rf1 Be8 50. Bb1 Kb7 51. Qf2 Bf7 52. Kg2 Ka6 53. Bg6 Bxg6 54. hxg6 Ne4 55. Qf7 Qg5 56. Qxe6+ Nd6 57. Qxd6+ Kb7 58. Rf7+ Ka8 59. Qf8+ Qd8 60. Qxd8# 1-0

[Event "FIDE WCCC G10 2018"]
[Site "Santiago de Compostela"]
[Date "2018.11.11"]
[Round "7"]
[White "Rasheva, Nora"]
[Black "Kurmanalina, Deniza"]
[Result "1/2-1/2"]
[ECO "E30"]
[WhiteElo "1495"]
[BlackElo "1320"]
[Annotator "NA RC"]
[PlyCount "192"]
[EventDate "2018.11.04"]
[EventType "swiss"]
[EventCountry "ESP"]
[SourceTitle "playchess.com"]
[Source "ChessBase"]
[SourceQuality "1"]
[TimeControl "40/5400+30:1800+30"]

1. d4 Nf6 2. c4 e6 3. Nc3 Bb4 4. Bg5 c5 5. d5 exd5 6. cxd5 d6 7. a3 Bxc3+ 8. bxc3 Nbd7 9. Nf3 Qa5 10. Bd2 c4 11. e4 Nxe4 12. Bxc4 O-O 13. O-O Nb6 14. Bb3 Nxd5 15. c4 Nxd2 16. Qxd2 Qxd2 17. Nxd2 Nf6 18. Rfe1 Be6 19. Ne4 Nxe4 20. Rxe4 Rfd8 21. Rd4 Rac8 22. a4 g6 23. Rad1 a6 24. a5 Rc5 25. Rxd6 Rxd6 26. Rxd6 Rxa5 27. f3 Rc5 28. Rb6 Rc7 29. c5 Bxb3 30. Rxb3 Kf8 31. Kf2 Ke7 32. Rb6 Kd8 33. c6 Rxc6 34. Rxb7 Rc7 35. Rb8+ Ke7 36. Ra8 Rc6 37. Ra7+ Ke6 38. Kg3 h5 39. Kh4 Kf6 40. h3 Kg7 41. g4 hxg4 42. hxg4 Rf6 43. g5 Rxf3 44. Rxa6 Rf4+ 45. Kg3 Rf5 46. Kg4 Rf1 47. Ra7 Re1 48. Kf4 Re6 49. Rb7 Re8 50. Rb6 Re7 51. Kg4 Rd7 52. Kf4 Kf8 53. Ke5 Ke7 54. Ra6 Rc7 55. Ra5 Rb7 56. Kf4 f5 57. Ke5 Kf7 58. Ra4 Kg7 59. Kf4 Re7 60. Rc4 Kf7 61. Rb4 Re4+ 62. Rxe4 fxe4 63. Kxe4 Ke6 64. Kf4 Kd5 65. Kf3 Ke5 66. Kg4 Ke4 67. Kg3 Kf5 68. Kh4 Kf4 69. Kh3 Kxg5 70. Kg3 Kh5 71. Kh3 g5 72. Kg3 Kg6 73. Kg4 Kf6 74. Kg3 Ke5 75. Kg4 Kf6 76. Kg3 Kf5 77. Kf3 g4+ 78. Kg3 Kg5 79. Kg2 Kh5 80. Kg3 Kg5 81. Kg2 Kh4 82. Kh2 Kg5 83. Kg3 Kf5 84. Kg2 Kf4 85. Kf2 g3+ 86. Kg2 Kg4 87. Kg1 Kf4 88. Kg2 Kg4 89. Kg1 Kf3 90. Kf1 Kg4 91. Kg2 Kf4 92. Kg1 Ke3 93. Kg2 Kf4 94. Kg1 Kf3 95. Kf1 g2+ 96. Kg1 Kg3 1/2-1/2

[Event "FIDE WCCC G10 2018"]
[Site "Santiago de Compostela"]
[Date "2018.11.11"]
[Round "7"]
[White "Yildiz, Elif Zeren"]
[Black "Edithso, Samantha"]
[Result "0-1"]
[ECO "B50"]
[WhiteElo "1448"]
[BlackElo "1879"]
[Annotator "NA RC"]
[PlyCount "138"]
[EventDate "2018.11.04"]
[EventType "swiss"]
[EventCountry "ESP"]
[SourceTitle "playchess.com"]
[Source "ChessBase"]
[SourceQuality "1"]
[TimeControl "40/5400+30:1800+30"]

1. e4 c5 2. Nf3 d6 3. c3 Nf6 4. Bd3 Nc6 5. Bc2 Bg4 6. d3 Qd7 $146 {[%emt 0:00:36] B50: Sicilian: 2...d6, Miscellaneous} ({Predecessor:} 6... e6 7. h3 Bh5 8. Bf4 d5 9. g4 Bg6 10. Nbd2 Bd6 11. e5 Bc7 12. Qe2 Nd7 13. O-O-O b5 14. d4 Bxc2 15. Kxc2 c4 {0-1 (32) Jobava,B (2705)-Navara,D (2726) Heraklio 2017}) 7. Be3 g6 8. h3 Bxf3 9. Qxf3 Bg7 10. Nd2 O-O 11. g4 b5 12. Nf1 ({Better is} 12. Qg2 $11) 12... b4 13. c4 Qe6 14. Ng3 Nd7 15. Rb1 $1 a5 16. O-O a4 17. Qd1 a3 18. bxa3 Rxa3 19. Bb3 Nd4 20. Kg2 Nxb3 21. axb3 Rfa8 22. f4 Ra2+ 23. Kg1 Qf6 24. g5 (24. Ne2 $17) 24... Qe6 25. f5 {[%emt 0:01:04] [#]} Qe5 $1 26. Qg4 gxf5 27. Rxf5 Ra1 28. Rbf1 Qe6 29. Qh4 Ne5 30. Qh5 Qg6 31. d4 cxd4 32. Bxd4 Rxf1+ 33. Rxf1 Qxh5 34. Nxh5 Nf3+ 35. Rxf3 Bxd4+ 36. Kf1 Ra1+ 37. Ke2 Bc3 38. Kd3 Rb1 39. Ng3 e6 40. Kc2 Rb2+ 41. Kd1 Rxb3 42. Rd3 Rb1+ 43. Kc2 Rb2+ 44. Kc1 Rg2 45. h4 Kf8 46. Nh5 Ke7 47. Nf6 Bxf6 48. gxf6+ Kxf6 49. Rxd6 b3 50. Rb6 Rc2+ 51. Kd1 Rxc4 52. Rxb3 Rxe4 53. h5 Kg5 54. Rb5+ f5 55. Rb7 h6 56. Rg7+ Kxh5 57. Rg2 e5 58. Kd2 Rg4 59. Rh2+ Kg5 60. Ke3 h5 61. Kf3 h4 62. Ke3 Rg3+ 63. Kf2 Kg4 64. Rh1 h3 65. Ke2 f4 66. Kf2 Rg2+ 67. Kf1 $19 Kg3 68. Ke1 h2 69. Kf1 e4 0-1

[Event "FIDE WCCC G10 2018"]
[Site "Santiago de Compostela"]
[Date "2018.11.11"]
[Round "7"]
[White "Qu, Greta"]
[Black "Braeutigam, Katerina"]
[Result "0-1"]
[ECO "B12"]
[WhiteElo "1360"]
[BlackElo "1647"]
[Annotator "NA RC"]
[PlyCount "70"]
[EventDate "2018.11.04"]
[EventType "swiss"]
[EventCountry "ESP"]
[SourceTitle "playchess.com"]
[Source "ChessBase"]
[SourceQuality "1"]
[TimeControl "40/5400+30:1800+30"]

1. e4 c6 2. d4 d5 3. e5 Bf5 4. h4 h5 5. Bd3 Bxd3 6. Qxd3 e6 7. Nf3 Nd7 8. Nc3 c5 9. Be3 cxd4 10. Bxd4 Ne7 11. Be3 Ng6 12. Bd4 Be7 13. g3 a6 14. O-O-O Qc7 15. Rde1 Bc5 16. Bxc5 Qxc5 17. Re2 b5 18. Rhe1 Nb6 19. Nd4 Nc4 20. f4 Ne7 21. f5 Kd7 22. Rf1 Raf8 23. f6 gxf6 24. Rxf6 Ng6 25. Nxe6 fxe6 26. Qxg6 Rxf6 27. Qxf6 Rf8 28. Qg7+ Kd8 29. Qg5+ Kc8 30. Nd1 Rf1 31. Qg8+ Kc7 32. Qxe6 Rxd1+ 33. Kxd1 Qd4+ 34. Kc1 Qg1+ 35. Re1 Qxe1# 0-1

[Event "FIDE WCCC G10 2018"]
[Site "Santiago de Compostela"]
[Date "2018.11.11"]
[Round "7"]
[White "Unurzul, Davaakhuu"]
[Black "Zhapova, Yana"]
[Result "0-1"]
[ECO "B13"]
[WhiteElo "1342"]
[BlackElo "1821"]
[Annotator "NA RC"]
[PlyCount "90"]
[EventDate "2018.11.04"]
[EventType "swiss"]
[EventCountry "ESP"]
[SourceTitle "playchess.com"]
[Source "ChessBase"]
[SourceQuality "1"]
[TimeControl "40/5400+30:1800+30"]

1. e4 c6 2. d4 d5 3. exd5 cxd5 4. Nc3 Nc6 5. h3 {[%emt 0:01:20] B13: Caro-Kann: Exchange Variation and Panov-Botvinnik Attack} (5. Nf3 g6 {½-½ (5) Ivanovic,B (2420)-Dizdarevic,E (2461) Djenovici 2018}) 5... Nf6 6. Nf3 {[%emt 0:00:54] LiveBook: 3 Games} Bf5 7. Bd3 Bxd3 8. Qxd3 e6 9. O-O Bd6 10. Nb5 Be7 $146 ({Predecessor:} 10... Bb8 11. Bd2 a6 12. Nc3 O-O {½-½ (38) Walter,N-Wisniewski,T Stetten 1988}) 11. Ne5 O-O 12. Qg3 (12. Bf4 $15) 12... Ne4 13. Qg4 Bg5 14. Bxg5 Qxg5 15. Qxg5 Nxg5 16. Nxc6 bxc6 17. Nc3 h6 18. f4 Nh7 19. Na4 Rab8 20. b3 Nf6 21. Nc5 Rbd8 22. Rad1 Nd7 23. Nxd7 Rxd7 24. Rf3 Rb8 25. Rc3 Rc7 26. a3 Kf8 27. b4 Ke7 28. Rb1 Kd6 29. Kf2 f6 30. Re3 g5 31. Rbe1 Re7 32. g3 Rg8 33. f5 e5 34. g4 h5 35. Kf3 hxg4+ 36. Kxg4 e4 37. Kg3 Rh7 38. Rf1 Rgh8 39. Kg2 Rh4 40. a4 a6 41. a5 g4 42. hxg4 {[%emt 0:01:43] [#]} Rh2+ $1 ({But not} 42... Rxg4+ 43. Rg3 $17) 43. Kg3 $19 Rxc2 44. Ree1 Rc3+ 45. Kf4 Rhh3 0-1

[Event "FIDE WCCC G10 2018"]
[Site "Santiago de Compostela"]
[Date "2018.11.11"]
[Round "7"]
[White "Abdinova, Narmin"]
[Black "Velea, Sophie"]
[Result "0-1"]
[ECO "B22"]
[WhiteElo "1320"]
[BlackElo "1593"]
[Annotator "NA RC"]
[PlyCount "166"]
[EventDate "2018.11.04"]
[EventType "swiss"]
[EventCountry "ESP"]
[SourceTitle "playchess.com"]
[Source "ChessBase"]
[SourceQuality "1"]
[TimeControl "40/5400+30:1800+30"]

1. e4 c5 2. c3 Nf6 3. e5 Nd5 4. Bc4 Nb6 5. Bb3 c4 6. Bc2 d6 7. Nf3 Bg4 8. d4 cxd3 9. Qxd3 d5 10. Bf4 e6 11. Nd4 Nc6 12. Nd2 Bc5 13. Nxc6 bxc6 14. Qg3 g5 15. Qxg4 gxf4 16. Qxf4 Be7 17. Nf3 Qc7 18. Ng5 Bxg5 19. Qxg5 Nc4 20. Bxh7 Nxe5 21. Bc2 Nc4 22. b3 Nb6 23. h4 Kd7 24. g4 Rag8 25. Qf6 Ke8 26. g5 Nd7 27. Qf3 Ne5 28. Qe3 Rxg5 29. O-O-O Rgg8 30. h5 Ng4 31. Qf3 Qe5 32. Rhe1 Qxh5 33. Qf4 Qg5 34. Qxg5 Rxg5 35. f4 Rgh5 36. Rg1 Nf6 37. Rd4 Rh3 38. Kb2 Ke7 39. Ra4 Ra8 40. c4 d4 41. Rd1 c5 42. b4 cxb4 43. Rxb4 Rd8 44. Rb7+ Kf8 45. Rxa7 Ng4 46. Rd3 Ne3 47. Bb3 Rh2+ 48. Kc1 Rf2 49. c5 Rxf4 50. c6 Rc8 51. Rd7 Rxc6+ 52. Kd2 Nc4+ 53. Ke2 e5 54. Ba4 Rb6 55. Rd8+ Kg7 56. Rg3+ Kf6 57. Bb3 Na5 58. Ra8 Nxb3 59. axb3 Rc6 60. Ra2 e4 61. Ra4 Rd6 62. Rg2 Rf3 63. Rf2 d3+ 64. Kf1 Rxf2+ 65. Kxf2 d2 66. Ra1 d1=Q 67. Rxd1 Rxd1 68. Ke3 Rb1 69. Kxe4 Rxb3 70. Kd4 Kg5 71. Kc4 Rh3 72. Kd4 f5 73. Ke5 Re3+ 74. Kd4 f4 75. Kc4 f3 76. Kd5 f2 77. Kd4 Re8 78. Kd5 f1=Q 79. Kd4 Qd1+ 80. Kc5 Rc8+ 81. Kb6 Qb3+ 82. Ka7 Rc4 83. Ka6 Ra4# 0-1

[Event "FIDE WCCC G10 2018"]
[Site "Santiago de Compostela"]
[Date "2018.11.11"]
[Round "7"]
[White "Chekhani, Anna"]
[Black "Shvedova, Alexandra"]
[Result "0-1"]
[ECO "A01"]
[WhiteElo "1288"]
[BlackElo "1782"]
[Annotator "NA RC"]
[PlyCount "132"]
[EventDate "2018.11.04"]
[EventType "swiss"]
[EventCountry "ESP"]
[SourceTitle "playchess.com"]
[Source "ChessBase"]
[SourceQuality "1"]
[TimeControl "40/5400+30:1800+30"]

1. b3 d5 2. Bb2 Nf6 3. e3 g6 4. Nf3 Bg7 5. Be2 O-O 6. O-O c5 7. c4 d4 8. d3 Nc6 9. h3 e5 10. Re1 Nd7 11. exd4 cxd4 12. Na3 f5 13. Bf1 Re8 14. Nc2 a5 15. a3 Nc5 16. b4 Na4 17. Rb1 Nxb2 18. Rxb2 e4 19. Qe2 Bd7 20. Nd2 Ne5 21. Qd1 Nxd3 22. Bxd3 exd3 23. Rxe8+ Qxe8 24. Ne1 axb4 25. axb4 Qe2 26. Qb1 Re8 27. Ndf3 d2 28. Rxd2 Qxc4 29. Nc2 Re4 30. Qd1 Ba4 31. Ng5 Re8 32. Qb1 Qc3 33. Nf3 Bh6 34. Qa2+ Bb3 35. Qb1 Bxd2 36. Nxd2 Bxc2 37. Qa2+ Kh8 38. Qf7 Qc6 39. Nf3 Qe6 40. Qc7 d3 41. g3 Qc6 42. Qf7 Qe6 43. Qxb7 d2 44. Nxd2 Qe1+ 45. Nf1 Bd3 46. Qg2 Qxf1+ 47. Qxf1 Bxf1 48. Kxf1 Rb8 49. Kg2 Rxb4 50. Kf3 Kg7 51. Kg2 Kf6 52. Kf3 f4 53. gxf4 Kf5 54. Kg3 Rxf4 55. f3 h5 56. Kg2 h4 57. Kf2 Ke5 58. Ke2 Kd4 59. Kf2 Kd3 60. Kg2 Ke3 61. Kg1 Rxf3 62. Kg2 Ke2 63. Kg1 Rg3+ 64. Kh1 Kf1 65. Kh2 Kf2 66. Kh1 Rxh3# 0-1